Unix NetHack Version 5.0.0-0 post-release - last build Jun 10 2026 00:39:30 (3ee93aec679c4c4259841fe613dc97188e26a321,branch:main).

Game began 2026-06-27 11:34:54, ended 2026-06-27 11:49:58.

DiePARTEI, neutral female human Tourist

                                                  ---                ----
          ------                            -------.---              |..|
       ----.--.|   ----                   ---.........|             --..----
    ----.......|   |..--                  |.....-.....---          --......--
    |....>.....|   |...|                  |.............|          |........|
    |........---   |-.--     ---          --............|          |<......--
    ---..-----     |..--  ----.--          |............--         |G..|.---
      |.--         |-..----.....|    ----  ----..........|      ----.--|.|
      |.|          |....--.....-------..---####.?........--------)...| |.|
     --.|         --...................................G..G...%hh@---- |.|
     |..|         |.....---...---------....----..........|...------    |.|
     |.--         |.....---.|.----    |.........----..------.....--    |.|
    --.------------.........|....--- --.......-.|------   |.......|    |.|
    |..................-----|......---..........|..--     |.|.....|    |.|
    --...-----------...------..............----.....|     ----..---    |.|---
     |..--         ---...--........................---- ---  ----      |.|..--
     |..|            |................---...----....|.---.---         --.....--
     ----            --..............-| --..|  ---..........|         |.......|
                      |...............|  ----    -----......|         |..--..--
                      ---.|.-----.--.--              --.|.---         --------
                        -----   ------                -----
DiePARTEI the Sightseer     St:11 Dx:13 Co:12 In:14 Wi:9 Ch:16  Neutral
Dlvl:5  $:139 HP:0(37) Pw:19(19) AC:3  Xp:4 T:1802  Hungry   Burdened

Latest messages:
 The dwarf swings his pick-axe.
 The dwarf hits!
 The gnome swings his crossbow.
 The gnome hits!
 The dwarf swings his pick-axe.
 The dwarf hits!
 In what direction? 4
 You kill the dwarf!
 The hobbit shoots a rock!
 The rock misses the gnome.
 The rock hits the dwarf.
 The gnome swings his crossbow.
 The gnome hits!
 What do you want to use or apply? [eklq or ?*] k
 In what direction? 9
 The gnome is blinded by the flash!
 The gnome turns to flee.
 There are several objects here.
 The gnome picks up 2 +2 darts.
 You have a little trouble lifting a - 3 +2 darts (at the ready) (28 in total).
 a - 2 +2 darts (at the ready) (30 in total).
 N - a pair of hard shoes.
 O - a pick-axe.
 P - 2 green gems.
 The dwarf wields a broad short sword!
 You have a little trouble lifting Q - a hooded cloak.
 The hobbit shoots a rock!
 The rock hits the gnome.
 The hobbit shoots a rock!
 The rock hits the gnome.
 The gnome is killed!
 In what direction? 4
 The dart misses the dwarf.
 The hobbit picks up a rock.
 What do you want to use or apply? [eklqO or ?*] k
 In what direction? 4
 The dwarf is blinded by the flash!
 The hobbit picks up a gem.
 The dwarf thrusts her broad short sword.
 The dwarf misses!
 In what direction? 4
 The dart misses the dwarf.
 The dwarf thrusts her broad short sword.
 The dwarf hits!
 You die...
 Do you want your possessions identified? [ynq] (y) y
 Do you want to see your attributes? [ynq] (y) y
 Do you want an account of creatures vanquished? [ynaq] (y) y
 Do you want to see your conduct and achievements? [ynq] (y) y
 Do you want to see the dungeon overview? [ynq] (y) y

Inventory:
 Coins    ('$')
  $ - 139 gold pieces
 Weapons  (')')
  a - 28 +2 darts (at the ready)
 Armor    ('[')
  N - an uncursed +0 pair of iron shoes
  Q - an uncursed +0 dwarvish cloak
  j - a blessed +0 Hawaiian shirt with a flamingo motif (being worn)
  m - an uncursed +3 orcish chain mail (being worn)
 Comestibles  ('%')
  d - an uncursed slime mold
  F - an uncursed cram ration
  e - 2 uncursed cream pies
  b - 8 uncursed food rations
  C - an uncursed food ration
  o - a cursed pancake
  f - an uncursed pear
  c - an uncursed tripe ration
 Scrolls  ('?')
  i - a blessed scroll of magic mapping
  h - an uncursed scroll of magic mapping
  r - an uncursed scroll of teleportation
 Potions  ('!')
  t - an uncursed potion of water
  B - an uncursed potion of water
 Rings    ('=')
  H - an uncursed +1 ring of adornment
  E - an uncursed ring of fire resistance
  y - an uncursed +1 ring of increase damage
  u - an uncursed ring of levitation
  w - an uncursed ring of shock resistance
  x - an uncursed ring of teleport control
  z - an uncursed ring of warning
 Wands    ('/')
  q - a wand of digging (0:4)
 Tools    ('(')
  l - an uncursed credit card
  k - an expensive camera (0:82)
  O - a +0 pick-axe
 Gems/Stones  ('*')
  K - an uncursed worthless piece of black glass
  I - an uncursed worthless piece of blue glass
  P - 2 uncursed worthless pieces of green glass
  J - 2 uncursed worthless pieces of yellow glass

DiePARTEI the Tourist's attributes:

Background:
 You were a Sightseer, a level 4 female human Tourist.
 You were neutral, on a mission for The Lady
 who was opposed by Blind Io (lawful) and Offler (chaotic).
 You were right-handed.
 You were in the Gnomish Mines, on level 5.
 You entered the dungeon 1802 turns ago.
 You had 139 experience points, 21 more were needed to attain level 5.

Basics:
 You had 0 out of 37 hit points.
 You had all 19 energy points (spell power).
 Your armor class was 3.
 Your wallet contained 139 zorkmids.
 Autopickup was off.

Final Characteristics:
 Your strength was 11 (limit:18/100).
 Your dexterity was 13 (limit:18).
 Your constitution was 12 (limit:18).
 Your intelligence was 14 (limit:18).
 Your wisdom was 9 (limit:18).
 Your charisma was 16 (limit:18).

Final Status:
 You were hungry.
 You were burdened; movement was slightly slowed.
 You were bare handed.
 You were unskilled in bare handed combat.

Final Attributes:
 You were devoutly aligned.
 You were sensing the presence of monsters.
 You were warded.
 Your spell casting was impaired by metallic armor.
 You are dead.

Miscellaneous:
 You didn't encounter any bones levels.
 Total elapsed playing time was 15 minutes and 4 seconds.

Major events:
 Turn
    1: DiePARTEI the neutral female human Tourist entered the dungeon
 1688: entered the Gnomish Mines
 1730: attained the rank of Sightseer (level 3)
 1802: killed by a dwarf

Spells:
 Name                 Level Category     Fail Retention
 slow monster           2   enchantment  100%  76%-100%

Skills:
 Fighting Skills
   bare handed combat [Unskilled]
   two weapon combat  [Unskilled]
   riding             [Unskilled]
 Weapon Skills
   dagger             [Unskilled]
   knife              [Unskilled]
   axe                [Unskilled]
   pick-axe           [Unskilled]
   short sword        [Unskilled]
   broadsword         [Unskilled]
   long sword         [Unskilled]
   two-handed sword   [Unskilled]
   saber              [Unskilled]
   mace               [Unskilled]
   morning star       [Unskilled]
   flail              [Unskilled]
   hammer             [Unskilled]
   quarterstaff       [Unskilled]
   polearms           [Unskilled]
   spear              [Unskilled]
   trident            [Unskilled]
   lance              [Unskilled]
   bow                [Unskilled]
   sling              [Unskilled]
   crossbow           [Unskilled]
   dart               [Basic]
   shuriken           [Unskilled]
   boomerang          [Unskilled]
   whip               [Unskilled]
   unicorn horn       [Unskilled]
 Spellcasting Skills
   divination spells  [Unskilled]
   enchantment spells [Unskilled]
   escape spells      [Unskilled]

Voluntary challenges:
 Character rerolling was not enabled.
 You never hit with a wielded weapon.
 You never genocided any monsters.
 You never polymorphed an object.
 You never changed form.
 You used no wishes.
Achievements:
 You entered a shop.
 You entered the Gnomish Mines.
 You attained the rank of Sightseer.

 The Dungeons of Doom: levels 1 to 3
    Level 1:
    Level 2:
       A ring shop.
    Level 3:
       A general store.
       Stairs down to The Gnomish Mines.
 The Gnomish Mines: levels 4 to 5
    Level 4:
    Level 5: <- You were here.
       Final resting place for
          you, killed by a dwarf.


Vanquished creatures:
  a gnome leader
  a dwarf
  2 acid blobs
  2 coyotes
  2 giant rats
  8 gnomes
  3 jackals
  a fox
  a goblin
  3 sewer rats
  6 grid bugs
  7 lichens
  a kobold zombie
  2 newts
40 creatures vanquished.

No species were genocided or became extinct.

Game over:
                       ----------
                      /          \
                     /    REST    \
                    /      IN      \
                   /     PEACE      \
                  /                  \
                  |    DiePARTEI     |
                  |      139 Au      |
                  |   killed by a    |
                  |      dwarf       |
                  |                  |
                  |                  |
                  |       2026       |
                 *|     *  *  *      | *
        _________)/\\_//(\/(/\)/\//\/|_)_______

Aloha DiePARTEI the Tourist...

You died in The Gnomish Mines on dungeon level 5 with 898 points,
and 139 pieces of gold, after 1802 moves.
You were level 4 with a maximum of 37 hit points when you died.

